 Dungeon Sprint DCSS version 0.21-a0-173-g99db44b (webtiles) character file.

4600000 Deeps the Formicid Barricade (level 27, -16/249 HPs)
             Began as a Formicid Fighter on Aug 8, 2017.
             Demolished by a large abomination (34 damage)
             ... created by a sculptor of flesh
             ... in the Dungeon (Sprint VIII: "Arena of Blood").
             The game lasted 00:01:13 (46 turns).

Deeps the Formicid Barricade (Formicid Fighter)       Turns: 46, Time: 00:01:14

Health: -16/249    AC: 13    Str: 31    XL:     27
Magic:  26/54      EV: 24    Int: 11    God:
Gold:   0          SH: 19    Dex: 10    Spells: 80/80 levels left

rFire    . . .     SeeInvis +   k - +∞ Axe of Woe
rCold    . . .     Gourm    .   b - +0 shield
rNeg     . . .     Faith    .   a - +0 scale mail
rPois    .         Spirit   .   (helmet unavailable)
rElec    .         Reflect  .   (no cloak)
rCorr    .         Harm     .   (no gloves)
MR       ++...                  (no boots)
Stlth    ++++++++..             (no amulet)
HPRegen  0.51/turn              (no ring)
MPRegen  0.34/turn              (no ring)

@: no status effects
A: permanent stasis, dig shafts and tunnels, four strong arms, antennae 3
a: Dig


You were in the Dungeon.
You were not hungry.

You visited 1 branch

Inventory:

Hand Weapons
 k - the +∞ Axe of Woe (weapon)
   (You found it in the Dungeon)
Armour
 a - a +0 scale mail (worn)
 b - a +0 shield (worn)
Scrolls
 j - a scroll of blinking
Potions
 c - a potion of might
 e - a potion of curing
 f - a potion of heal wounds
 g - a potion of haste
 h - 2 potions of magic
 i - a potion of berserk rage
Comestibles
 d - a bread ration


   Skills:
 O Level 27 Fighting
 O Level 27 Axes
 O Level 27 Throwing
 O Level 27 Armour
 O Level 27 Dodging
 O Level 27 Stealth
 O Level 27 Shields
 O Level 27 Unarmed Combat
 O Level 27 Spellcasting


You had 80 spell levels left.
You didn't know any spells.

Dungeon Overview and Level Annotations

Branches:
Dungeon (1/1)

Altars:
Makhleb


Innate Abilities, Weirdness & Mutations

You cannot be hasted, slowed, berserked, paralysed or teleported.
You can dig through walls and to a lower floor.
Your four strong arms can wield two-handed weapons with a shield.
You have a pair of large antennae on your head. (SInv)


Message History

Some corpses meld into agglomerations of writhing flesh!
The sculptor of flesh moves out of view.
The destroyer blinks!
The bag of meat is engulfed in blazing flames.
The bag of meat hits you with a +9 war axe.
* * * LOW HITPOINT WARNING * * *
The bag of meat is engulfed in blazing flames. x2
You block the bag of meat's attack.
The bag of meat is engulfed in blazing flames.
A small abomination, 6 large abominations and 4 crawling corpses come into view.
Items here: )))))))) ======== Unknown command.
A bag of meat comes into view. It is wielding a +9 war axe.
You hear a shout! x4
The bag of meat is engulfed in blazing flames.
You hear a shout! x3
The sculptor of flesh is engulfed in blazing flames.
The bag of meat is engulfed in blazing flames.
The large abomination hits you!!
You die...

...V......
........... {
.....o...
#.......# . #.o
{{..# .. ..###V.
.§§###...
..%....###z§x.....
......X.§§zox.....
...#X@ooo#......


#§oXoX# {{... #XX)xV# .{.. ...V.._xx...{{.. ......###z....... .###.. ...###...
#.% ..§# . #.. ...#{ .. ... You could see 3 destroyers, 3 sculptors of flesh, 6
large abominations, a small abomination, 7 bags of meat and 4 crawling corpses.

Vanquished Creatures
  5 vampire knights (D)
  17 ogres (D)
  5 two-headed ogres (D)
  33 orcs (D)
60 creatures vanquished.

Notes
Turn   | Place    | Note
-------+----------+-------------------------------------------
     0 | D        | Deeps the Formicid Fighter began the quest for the Orb.
     0 | D        | Reached XP level 1. HP: 18/18 MP: 1/1
     3 | D        | Noticed a bag of meat
     3 | D        | Noticed a bag of meat
     4 | D        | Noticed a bag of meat
     5 | D        | Noticed a bag of meat
     7 | D        | Noticed a bag of meat
     7 | D        | Noticed a bag of meat
     9 | D        | Noticed a meat berserker
     9 | D        | Killed a bag of meat
     9 | D        | Reached XP level 2. HP: 47/47 MP: 2/2
     9 | D        | Reached XP level 3. HP: 53/53 MP: 3/3
     9 | D        | Reached XP level 4. HP: 60/60 MP: 4/4
     9 | D        | Reached XP level 5. HP: 67/67 MP: 5/5
     9 | D        | Reached XP level 6. HP: 74/74 MP: 6/6
     9 | D        | Reached XP level 7. HP: 80/80 MP: 7/7
     9 | D        | Reached XP level 8. HP: 87/87 MP: 8/8
     9 | D        | Reached XP level 9. HP: 94/94 MP: 9/9
     9 | D        | Reached XP level 10. HP: 101/101 MP: 10/10
     9 | D        | Reached XP level 11. HP: 107/107 MP: 11/11
     9 | D        | Reached XP level 12. HP: 114/114 MP: 12/12
     9 | D        | Killed a bag of meat
     9 | D        | Reached skill level 10 in Unarmed Combat
     9 | D        | Reached XP level 13. HP: 127/127 MP: 13/13
    10 | D        | Killed a meat berserker
    10 | D        | Reached XP level 14. HP: 123/141 MP: 14/14
    10 | D        | Reached XP level 15. HP: 129/148 MP: 15/15
    10 | D        | Reached XP level 16. HP: 139/160 MP: 16/16
    11 | D        | Noticed a meat berserker
    11 | D        | Reached skill level 10 in Axes
    11 | D        | Reached skill level 27 in Shields
    12 | D        | Noticed a meat berserker
    13 | D        | Noticed a meat berserker
    13 | D        | Killed a meat berserker
    13 | D        | Reached skill level 27 in Fighting
    13 | D        | Reached skill level 27 in Armour
    13 | D        | Reached XP level 17. HP: 153/174 MP: 17/17
    13 | D        | Killed a meat berserker
    13 | D        | Reached XP level 18. HP: 160/182 MP: 18/18
    14 | D        | Noticed a meat berserker
    15 | D        | Noticed a meat berserker
    16 | D        | Noticed a meat berserker
    16 | D        | Killed a meat berserker
    16 | D        | Reached skill level 27 in Axes
    16 | D        | Reached XP level 19. HP: 168/189 MP: 19/19
    17 | D        | Noticed a meat berserker
    17 | D        | Killed a meat berserker
    17 | D        | Reached skill level 27 in Unarmed Combat
    17 | D        | Reached XP level 20. HP: 175/197 MP: 19/31
    18 | D        | Noticed a meat berserker
    18 | D        | Killed a meat berserker
    18 | D        | Reached skill level 15 in Stealth
    18 | D        | Killed a meat berserker
    18 | D        | Reached skill level 15 in Throwing
    18 | D        | Reached skill level 15 in Spellcasting
    18 | D        | Reached XP level 21. HP: 182/204 MP: 19/40
    19 | D        | Noticed a meat berserker
    20 | D        | Noticed a meat berserker
    20 | D        | Reached skill level 15 in Dodging
    21 | D        | Noticed a meat berserker
    22 | D        | Noticed a meat berserker
    22 | D        | Killed a meat berserker
    22 | D        | Reached XP level 22. HP: 180/212 MP: 20/47
    22 | D        | Noticed a large bag of meat
    23 | D        | Killed a meat berserker
    23 | D        | Reached skill level 27 in Stealth
    23 | D        | Killed a large bag of meat
    23 | D        | Reached XP level 23. HP: 109/219 MP: 20/52
    25 | D        | Noticed a large bag of meat
    26 | D        | Reached skill level 27 in Throwing
    26 | D        | Reached skill level 27 in Spellcasting
    26 | D        | Reached skill level 27 in Dodging
    26 | D        | Reached XP level 24. HP: 104/227 MP: 21/54
    27 | D        | Reached XP level 25. HP: 107/234 MP: 21/54
    28 | D        | Noticed a large bag of meat
    29 | D        | Noticed a destroyer
    30 | D        | Reached XP level 26. HP: 112/242 MP: 22/54
    31 | D        | Noticed a destroyer
    32 | D        | Noticed a destroyer
    33 | D        | Noticed a destroyer
    34 | D        | Noticed a large bag of meat
    34 | D        | Noticed a large bag of meat
    34 | D        | Killed a destroyer
    34 | D        | Reached XP level 27. HP: 117/249 MP: 23/54
    35 | D        | Killed a destroyer
    36 | D        | Killed a destroyer
    37 | D        | Killed a destroyer
    38 | D        | Noticed a destroyer
    38 | D        | Killed a large bag of meat
    40 | D        | Killed a large bag of meat
    41 | D        | Noticed a destroyer
    41 | D        | Noticed a destroyer
    42 | D        | Noticed a destroyer
    42 | D        | Killed a destroyer
    43 | D        | Killed a large bag of meat
    44 | D        | Killed a large bag of meat
    46 | D        | Demolished by a large abomination

Vault maps used:
D:        meatsprint

Skill      XL: |  1  2  3  4  5  6  7  8  9 10 11 12 13 14 15 16 17 18 19 20 21 22 23 |
---------------+----------------------------------------------------------------------+-----
Fighting       | 17 19 22 24 27 | 27.0
Armour         | 17 19 22 24 27 | 27.0
Shields        | 18 20 24 26 27 | 27.0
Unarmed Combat | 8 10 11 12 16 19 24 27 | 27.0
Axes           | 3 6 17 23 27 | 27.0
Throwing       | 7 15 21 25 27 | 27.0
Dodging        | 6 14 19 23 27 | 27.0
Stealth        | 9 19 26 27 | 27.0
Spellcasting   | 7 15 21 25 27 | 27.0

Action                   |  1- 3 |  4- 6 |  7- 9 | 10-12 | 13-15 | 16-18 | 19-21 | 22-24 | 25-27 || total
-------------------------+-------+-------+-------+-------+-------+-------+-------+-------+-------++-------
Melee: Executioner's axe |     1 |       |       |       |     1 |     3 |     5 |     3 |    13 ||    26
Dodge: Dodged            |       |       |       |       |       |       |       |     1 |       ||     1
Block: Shield            |       |       |       |       |     1 |       |       |       |     3 ||     4
